Map: Nightshade LE

Players

Ratl - Winner!

  • Race: Protoss Protoss
  • Spawn Location: 11:00

VOD

Have the link to the VOD?

Description

Time

  • Played on: Dec. 15, 2019, 7:04 p.m.
  • Length: 30:37
Show
View Real Time Build Order
Export as new Build Order

Ratl Protoss - Winner!

Build Orders:  

Get SALT Encoding   

  12  0:05  Probe (Chrono Boost)  
  13  0:28  Probe (Chrono Boost)  
  14  0:40  Probe (Chrono Boost)  
  15  0:56  Pylon  
  15  1:11  Assimilator  
  15  1:19  Assimilator  
  15  1:23  Probe (Chrono Boost)  
  16  1:37  Probe (Chrono Boost)  
  17  1:44  Gateway  
  17  1:49  Probe (Chrono Boost)  
  18  2:09  Gateway  
  18  2:21  Pylon  
  18  2:24  Probe (Chrono Boost)  
  20  2:40  Probe (Chrono Boost)  
  20  2:57  Probe (Chrono Boost)  
  21  3:11  Cybernetics Core  
  21  3:14  Probe (Chrono Boost)  
  22  3:27  Nexus  
  23  3:31  Probe (Chrono Boost)  
  23  3:35  Pylon  
  23  3:44  Probe (Chrono Boost)  
  23  3:46  Pylon  
  24  3:55  Probe (Chrono Boost)  
  25  4:07  Stalker  
  25  4:08  Probe (Chrono Boost)  
  27  4:18  Stalker  
  30  4:46  Robotics Facility  
  30  5:02  Robotics Facility  
  30  5:06  Probe (Chrono Boost)  
  30  5:09  Probe (Chrono Boost)  
  31  5:18  Probe (Chrono Boost)  
  32  5:21  Probe (Chrono Boost)  
  32  5:25  Warp Gate  
  32  5:29  Probe (Chrono Boost)  
  34  5:34  Probe (Chrono Boost)  
  34  5:35  Assimilator  
  34  5:38  Assimilator  
  36  5:45  Probe (Chrono Boost)  
  36  5:49  Forge x2  
  35  6:24  Stalker x2  
  39  6:34  Shield Battery  
  39  6:38  Shield Battery  
  39  6:41  Pylon  
  39  6:42  Probe (Chrono Boost)  
  41  6:51  Probe (Chrono Boost)  
  41  6:54  Probe (Chrono Boost)  
  42  7:04  Observer  
  42  7:06  Stalker x2, Observer  
  42  7:09  Probe (Chrono Boost)  
  49  7:40  Protoss Ground Weapons Level 1  
  49  7:48  Stalker  
  49  7:49  Protoss Ground Armor Level 1  
  47  8:05  Stalker  
  41  8:39  Stalker  
  41  8:50  Stalker  
  41  9:00  Shield Battery  
  41  9:05  Pylon  
  39  9:13  Stalker  
  41  9:27  Stalker  
  33  10:00  Probe (Chrono Boost)  
  33  10:12  Probe (Chrono Boost)  
  33  10:16  Stalker  
  33  10:17  Stalker  
  38  10:26  Probe (Chrono Boost)  
  39  10:37  Probe (Chrono Boost)  
  39  10:46  Protoss Shields Level 1 (Chrono Boost)  
  39  10:49  Probe x2 (Chrono Boost)  
  42  11:00  Probe (Chrono Boost)  
  42  11:06  Probe (Chrono Boost)  
  42  11:09  Stalker  
  46  11:10  Stalker  
  46  11:12  Probe (Chrono Boost)  
  49  11:23  Probe (Chrono Boost)  
  49  11:26  Probe (Chrono Boost)  
  51  11:37  Gateway x2  
  51  11:43  Probe (Chrono Boost)  
  51  11:45  Gateway x2  
  52  11:52  Gateway  
  52  12:00  Pylon  
  52  12:03  Twilight Council  
  52  12:05  Probe (Chrono Boost)  
  53  12:21  Stalker  
  53  12:22  Stalker  
  57  12:55  Probe (Chrono Boost)  
  58  13:02  Nexus  
  58  13:06  Assimilator  
  58  13:08  Assimilator  
  58  13:11  Pylon  
  56  13:27  Stalker x2  
  54  13:32  Stalker x5  
  54  13:33  Protoss Ground Armor Level 2 (Chrono Boost)  
  56  13:57  Protoss Ground Weapons Level 2 (Chrono Boost)  
  50  14:04  Stalker  
  50  14:05  Stalker x4  
  50  14:06  Stalker x2  
  54  14:41  Stalker  
  54  14:42  Stalker x4  
  54  14:43  Stalker x2  
  68  14:51  Immortal  
  68  14:57  Immortal  
  76  15:21  Probe (Chrono Boost)  
  76  15:22  Probe (Chrono Boost)  
  76  15:26  Probe (Chrono Boost)  
  79  15:33  Probe (Chrono Boost)  
  79  15:34  Probe (Chrono Boost)  
  81  15:40  Stalker x3  
  81  15:41  Stalker x3  
  81  15:43  Probe (Chrono Boost)  
  81  15:45  Stalker  
  81  15:46  Probe (Chrono Boost), Warp Prism  
  99  16:25  Robotics Bay  
  99  16:36  Robotics Bay  
  99  16:50  Stalker  
  101  17:16  Probe (Chrono Boost)  
  102  17:28  Probe (Chrono Boost)  
  103  17:41  Probe (Chrono Boost)  
  103  17:45  Protoss Ground Weapons Level 3 (Chrono Boost)  
  104  17:58  Probe (Chrono Boost)  
  104  17:59  Protoss Shields Level 2 (Chrono Boost)  
  105  18:15  Probe (Chrono Boost)  
  106  18:28  Pylon  
  106  18:29  Pylon  
  102  18:30  Pylon  
  102  18:34  Blink  
  102  18:41  Stalker x2  
  102  18:42  Stalker  
  102  19:18  Colossus  
  102  19:27  Colossus  
  114  20:20  Gateway  
  114  20:27  Gateway  
  114  20:30  Gateway  
  114  20:31  Gateway  
  114  20:37  Pylon  
  114  20:46  Shield Battery  
  114  20:48  Extended Thermal Lance  
  114  20:49  Gateway  
  114  20:52  Gateway  
  114  20:55  Gateway  
  114  20:59  Shield Battery  
  114  21:01  Gateway  
  114  21:02  Gateway x2  
  114  21:05  Gateway  
  114  21:12  Stalker x4  
  114  21:13  Stalker x3  
  114  21:16  Nexus  
  128  21:29  Pylon  
  128  21:34  Assimilator  
  128  21:37  Assimilator  
  128  21:57  Probe (Chrono Boost)  
  128  22:00  Observer  
  128  22:09  Probe (Chrono Boost)  
  130  22:23  Probe (Chrono Boost)  
  131  22:41  Stalker x2  
  131  22:42  Stalker x4  
  131  22:43  Stalker x3  
  149  22:56  Colossus x2  
  161  23:09  Pylon  
  161  23:16  Pylon  
  161  23:20  Pylon  
  161  23:29  Pylon  
  161  23:32  Probe (Chrono Boost)  
  161  23:36  Probe x3 (Chrono Boost)  
  165  23:43  Probe (Chrono Boost)  
  165  23:45  Pylon  
  166  23:53  Probe x3 (Chrono Boost)  
  166  23:54  Pylon  
  166  23:57  Stalker  
  166  23:58  Stalker x3  
  178  24:10  Probe (Chrono Boost)  
  178  24:25  Stalker x3  
  178  24:26  Stalker x2  
  108  26:54  Stalker x4  
  108  26:55  Stalker x4  
  108  26:56  Stalker x2  
  108  26:57  Stalker x3  
  134  27:10  Stalker x2  
  134  27:11  Stalker x2  
  122  28:26  Colossus x2  
  132  28:34  Stalker x4  
  132  28:36  Stalker  
  132  28:38  Stalker x4  
  148  29:00  Stalker x2  
  148  29:01  Stalker x2  
  148  29:02  Stalker x3  
  148  29:03  Stalker  
  164  29:35  Probe (Chrono Boost)  
  166  29:51  Probe (Chrono Boost)  
  178  30:06  Probe  
  179  30:15  Stalker x2  
Tags
 
Add a new tag
Caveats
  • Supply blocks, unpowered buildings, or Contaminate may cause inaccurate times.
  • Supply counts are checked every 10 seconds.